 Dungeon Crawl Stone Soup version 0.29-a0-559-g359e09b9d1 (webtiles) character file.

Game seed: 2938773280396038264

22 lesaewzxc the Vexing (level 3, -1/20 HPs)
             Began as a Kobold Arcane Marksman on June 10, 2022.
             Slain by a jackal (3 damage)
             ... on level 2 of the Dungeon.
             The game lasted 00:05:20 (805 turns).

lesaewzxc the Vexing (Kobold Arcane Marksman)        Turns: 805, Time: 00:05:21

Health: -1/20      AC:  2    Str:  9    XL:     3   Next: 7%
Magic:  4/5        EV: 15    Int: 14    God:
Gold:   10         SH:  0    Dex: 15    Spells: 4/5 levels left

rFire   . . .      SeeInvis .   e - +3 mace (drain)
rCold   . . .      Faith    .   (no shield)
rNeg    . . .      Spirit   .   b - +0 robe
rPois   .          Reflect  .   (no helmet)
rElec   .          Harm     .   (no cloak)
rCorr   .          Rampage  .   (no gloves)
Will    .....                   (no boots)
Stlth   ++........              (no amulet)
HPRegen 0.06/turn               (no ring)
MPRegen 0.09/turn               (no ring)

@: lethally poisoned (-1 -> -3)
A: small, no large weapons, nightstalker 3
a: no special abilities


You were on level 2 of the Dungeon.
You visited 1 branch of the dungeon, and saw 2 of its levels.

You collected 10 gold pieces.

Inventory:

Hand Weapons
 a - a +0 hand crossbow
 e - a +3 mace of draining (weapon)
Armour
 b - a +0 robe (worn)
Scrolls
 c - a scroll of vulnerability


   Skills:
 * Level 1.6 Fighting
 * Level 0.3 Maces & Flails
 - Level 3.0 Crossbows
 * Level 0.2 Armour
 - Level 2.6 Dodging
 * Level 1.5 Spellcasting
 - Level 3.1 Hexes


You had 4 spell levels left.
You knew the following spells:

 Your Spells              Type           Power      Damage    Failure   Level
a - Slow                  Hex            36%        N/A       7%          1

Your spell library contained the following spells:

 Spells                   Type           Power      Damage    Failure   Level
 Inner Flame              Hex/Fire       5%         N/A       36%         3
 Portal Projectile        Hex/Tloc       10%        N/A       36%         3
 Cause Fear               Hex            4%         N/A       56%         4


Dungeon Overview and Level Annotations

Branches:
Dungeon (2/15)

Altars:


Innate Abilities, Weirdness & Mutations

You are small and have problems with some larger weapons.
You are completely attuned to the shadows.


Message History

The jackal seems to slow down.
The jackal barely misses you. The adder bites you but does no damage.
The jackal bites you but does no damage.
The jackal closely misses you.
You closely miss the jackal.
The jackal is severely wounded.
The jackal closely misses you. The jackal bites you.
The adder bites you but does no damage.
You closely miss the jackal.
The jackal is heavily wounded.
The jackal bites you. The jackal completely misses you.
The adder barely misses you. The jackal barely misses you.
You closely miss the jackal.
The jackal is heavily wounded.
The jackal misses you.
The jackal bites you but does no damage.
The adder closely misses you.
The jackal bites you but does no damage.
The adder closely misses you. The jackal bites you.
You hit the jackal. You drain the jackal.
You kill the jackal!
The jackal closely misses you. The adder bites you.
You are poisoned.
The adder poisons you!
You hit the adder.
The adder is heavily wounded.
* * * LOW HITPOINT WARNING * * *
You feel very sick. The adder bites you but does no damage.
The jackal bites you.
* * * LOW HITPOINT WARNING * * *
You hit the jackal.
The jackal is almost dead.
* * * LOW HITPOINT WARNING * * *
You feel sick. The adder barely misses you. The jackal closely misses you.
The adder closely misses you.
You closely miss the jackal.
The jackal is almost dead.
* * * LOW HITPOINT WARNING * * *
You feel sick. The jackal bites you.
You die...

#.# #.# #.# #.# #.#
#.# #....# #.# #.####
#....# #.# #.....
#....# #.#####.S...
###....###.#...#@....
...........#.#.#.h...
############.#.#.####
#..............#.#
#.##########...#.#
#.# ####...#.#####
..# ....>.........
### ####..........
....)..#.#####


You could see an adder (slow) and a jackal (slow).

Vanquished Creatures
  A dart slug (D:1)
  A bat (D:1)
  3 endoplasms (D:1)
  3 giant cockroaches (D:1)
  A goblin (D:1)
  A hobgoblin (D:1)
  A jackal (D:2)
  4 kobolds (D:1)
  2 rats (D:1)
17 creatures vanquished.

Notes
Turn   | Place    | Note
-------+----------+-------------------------------------------
     0 | D:1      | lesaewzxc the Kobold Arcane Marksman began the quest for
                  | the Orb.
     0 | D:1      | Reached XP level 1. HP: 12/12 MP: 2/2
    62 | D:1      | Reached XP level 2. HP: 11/16 MP: 3/3
   495 | D:1      | Reached XP level 3. HP: 18/20 MP: 5/5
   805 | D:2      | Slain by a jackal

Illustrated notes

Levels and vault maps discovered:
D:1:      dpeg_arrival_connections, layout_basic, patterned_corridor
D:2:      layout_basic, dreamdust_ecumenical_altar_grove

Skill      XL: |  1  2 |
---------------+-------+-----
Crossbows      | 3 |  3.0
Fighting       | |  1.6
Maces & Flails | |  0.3
Armour         | |  0.2
Dodging        | |  2.6
Spellcasting   | |  1.5
Hexes          | |  3.1

Action                   || total
-------------------------++-------
Melee: Mace              ||    22
 Fire: Hand crossbow     ||    26
 Cast: Slow              ||     2
  Use: Scroll            ||     3
       Potion            ||     1
 Stab: Sleeping          ||     5
Armor: Robe              ||     8
Dodge: Dodged            ||    46

Table legend: (Time is in decaauts)
 A = Elapsed time spent in this place.
 B = Non-inter-level travel time spent in this place.
 C = Inter-level travel time spent in this place.
 D = Time resting spent in this place.
 E = Time spent auto-exploring this place.
 F = Levels seen in this place.
 G = Mean time per level.
                   A        B        C        D        E       F      G
               +--------+--------+--------+--------+--------+-----+--------+
         Total |    802 |    802 |      0 |      0 |    322 |   2 |  401.0 |
       Dungeon |    802 |    802 |      0 |      0 |    322 |   2 |  401.0 |
               +--------+--------+--------+--------+--------+-----+--------+

Top non-repeatable levels by time:
     D:1: 715 daAuts
     D:2: 86 daAuts
